Match 16761462
Unlisted

Match 16761462
End
Panzergrenadier Squad
Selects Armored Support Battlegroup
250 Light Carrier
Panzergrenadier Squad
Construct Light Support Kompanie
Combat Half-tracks
MG34 Team
Fire Support Elements
Assault Mechanized Group
Fire Support Elements
Flakvierling Half-track
Selects Superior Fire Drills
Selects Flammpanzer III Medium Tank Sd.Kfz. 141
Flammpanzer III Medium Tank
Pak 38 Anti-tank Gun Team
Assault Mechanized Group
2.5-tonne Medical Truck
Selects Salvage Kits
Selects Panzer Storm
Construct Panzerarmee Kommand
le.IG 18 Mechanized Group
Selects Stuka Anti-tank Loiter
Stuka Anti-tank Loiter
Construct Mechanized Kompanie
Marder III Tank Destroyer
Marder III Tank Destroyer
Marder III Tank Destroyer
Tungsten Core Ammunition
Marder III Tank Destroyer
Marder III Tank Destroyer
AI Takeover
Achilles Gaming @ YouTube
HAKA
STAYFROS7Y
Insurmountable Odds
Bruckley
TSu_frakas
0
0

Comments sign in to comment!

No comments posted yet!